Mandevil, lawful female dwarven Archeologist -------------- |@..@..?.....| @..@h........| -----.---+---- .. ... ---- Mandevil the Exhumer Experience level: 10 Strength: 17 Dexterity: 14 Constitution: 15 Intelligence: 13 Wisdom: 16 Charisma: 12 Health: 0(68) Energy: 36(36) AC: -6 Gold: 0 Moves: 11667 Your Inventory: Amulets x - a [cursed] triangular amulet [of change] y - an [uncursed] warped amulet [of life saving] Weapons a - an uncursed +2 bullwhip e - an uncursed +1 dwarvish mattock (weapon in hands) p - an [uncursed +0] silver saber (alternate weapon; not wielded) Armor q - an uncursed +0 iron skull cap [orcish helm] (being worn) s - an uncursed +0 slippery cloak [oilskin] (being worn) A - a blessed [+0] set of gold dragon scales [fire dragon scales] G - a cursed +2 scale mail of displacement (being worn) P - a blessed +0 pair of leather gloves (being worn) Y - a blessed +2 pair of combat boots [elven] (being worn) Comestibles b - an [uncursed] food ration B - an uncursed lizard corpse S - an [uncursed] tripe ration Rings c - an [uncursed] quartz ring [of warning] u - an [uncursed] obsidian ring [of searching] F - an uncursed ring called diamon 150 [of poison resistance] K - an uncursed ring called plastic 100 [of stealth] M - an uncursed ring called gold 100 [of sustain ability] N - an uncursed ring called twisted 150-200 [of slow digestion] O - an uncursed +2 ring of protection (on right hand) U - an [uncursed] ring called twisted 150-200 [of slow digestion] V - an [uncursed] ring called diamon 150 [of poison resistance] X - an uncursed +1 ring of gain wisdom Wands d - an [uncursed] wand of fire [0:3] v - an uncursed wand of light [0:10] w - an uncursed wand called ceramic EngrVanish [of teleportation (0:5)] C - an uncursed wand called alabaster sleep|death [of sleep (0:2)] D - an uncursed wand of digging [0:1] E - an uncursed wand of digging [0:7] Tools f - an uncursed tinning kit (0:51) h - an uncursed sack k - an uncursed key [skeleton key] m - a blessed [oil] lamp (0:1016) t - an uncursed stethoscope R - an uncursed towel Gems g - an uncursed touchstone r - an uncursed luckstone Contents of the sack: 1179 gold pieces an uncursed [+0] Hawaiian shirt a blessed +0 cloak of invisibility 4 uncursed food rations an uncursed lizard corpse an uncursed tripe ration an [uncursed] potion called object detection [of object detection] 9 blessed potions called water [of holy water] an uncursed wand called alabaster sleep|death [of sleep (0:7)] an uncursed wand called glass NoMsg Dir [of secret door detection (0:11)] an uncursed wand of light [0:10] an uncursed wand of speed monster [0:5] a blessed wand of striking [0:5] an uncursed magic lamp an uncursed agate stone an [uncursed] dilithium crystal 2 [uncursed] topaz stones Spells known in the end: Name Level Category Fail Memory a - fireball 4 attack 100% [|||||||.] Your skills at the end: Fighting Skills body armor [Basic / Basic] Weapon Skills pick-axe [Expert / Expert] sling [Basic / Skilled] whip [Basic / Expert] Spellcasting Skills Final Attributes: You were piously aligned. Hunger level was 176. Your alignment was 68 / 68. Monster difficulty range was 1 - 9. Level difficulty was 9. You resisted poison. You had automatic searching. You had infravision. You were displaced. You were stealthy. You were protected. You were fast. You were lucky (1). You had extra luck. Bad luck did not time out for you. Good luck did not time out for you. You are dead. Vanquished creatures: Aphrodite 2 ghosts a giant mimic 3 small mimics a giant turtle a flaming sphere a tiger a leather golem a watchman 2 chameleons 2 giant beetles 2 wolves 4 winter wolf cubs a panther a spotted jelly 6 leprechauns a mumak a giant spider 2 horses an ice vortex a vampire bat 2 orc mummies a brown pudding an owlbear a gold golem a werewolf 2 lizards a chickatrice a dog a jaguar a blue jelly 2 dust vortices a raven 2 gnome mummies a snake an ape 3 human zombies a rope golem 3 soldier ants 2 imps 9 wood nymphs 3 water nymphs 4 mountain nymphs 9 Mordor orcs a rock piercer 3 enormous rats a rock mole 5 fog clouds 2 yellow lights a violet fungus a gnome lord 2 kobold mummies 2 black naga hatchlings 2 golden naga hatchlings a guardian naga hatchling 3 gray oozes a barrow wight 2 ghouls 2 straw golems a paper golem 2 wax golems a little dog a floating eye 3 kittens 6 dwarves 3 kobold lords 3 kobold shamans 4 hill orcs 2 rabid rats 3 centipedes 3 giant bats 6 monkeys an orc zombie 6 dwarf zombies 4 muggers 3 iguanas 10 killer bees 2 acid blobs 2 gas spores 2 hobbits 21 manes 2 large kobolds 3 giant rats 7 cave spiders 3 brown molds 5 yellow molds 2 green molds 9 gnomes 5 garter snakes a gnome zombie a gecko 7 jackals a fox 3 goblins 4 sewer rats 4 grid bugs 7 bats 4 lichens 2 kobold zombies 11 newts 288 creatures vanquished. Voluntary challenges: You used a wielded weapon 524 times. You read items or engraved 522 times. You put on armor 20 times. You never genocided any monsters. You never polymorphed an object. You never changed form. You used 1 wish. You did not wish for any artifacts. You wrote Elbereth's name 373 times. You encountered 1 bones level. You used 4 Sokoban shortcuts. Dungeon overview: The Dungeons of Doom: levels 1 to 9 Level 1 a long staircase Level 2 a potion shop, a fountain Level 3 a general store, a fountain Level 4 a fountain stairs to The Gnomish Mines Level 7 an armor shop stairs to Sokoban Level 8 a sink stairs to Town Level 9 <- You were here The Gnomish Mines: levels 5 to 7 Level 5 stairs to The Dungeons of Doom Level 7 many shops, a temple, a magic chest, some fountains, a sink Sokoban: levels 4 to 6 Level 6 a magic chest stairs to The Dungeons of Doom Town: levels 5 to 7 Level 5 many shops, some fountains, a sink Level 6 (STASH) many fountains, many trees Level 7 stairs to The Dungeons of Doom History has recorded: On T:1 you entered the Dungeons of Doom to retrieve the Amulet of Yendor! On T:250 you reached level 2 of The Dungeons of Doom. On T:499 you advanced to experience level 2. On T:622 you advanced to experience level 3. On T:658 you reached level 3 of The Dungeons of Doom. On T:886 you advanced to experience level 4. On T:981 you reached level 4 of The Dungeons of Doom. On T:1371 you reached level 1 of The Gnomish Mines. On T:1463 you reached level 5 of The Dungeons of Doom. On T:1480 you advanced to experience level 5. On T:1621 you advanced to experience level 6. On T:2115 you reached level 6 of The Dungeons of Doom. On T:2295 you advanced to experience level 7. On T:3067 you reached level 7 of The Dungeons of Doom. On T:3378 you reached level 3 of Sokoban. On T:3987 you advanced to experience level 8. On T:4132 you reached level 2 of Sokoban. On T:5337 you reached level 1 of Sokoban. On T:6821 you advanced to experience level 9. On T:7396 you reached level 2 of The Gnomish Mines. On T:7592 you reached level 3 of The Gnomish Mines. On T:8930 you wished for "blessed gold dragon scales". On T:9420 you advanced to experience level 10. On T:9745 you reached level 8 of The Dungeons of Doom. On T:9772 you reached level 3 of Town. On T:9949 you reached level 1 of Town. On T:10336 you reached level 2 of Town. On T:10936 you killed Aphrodite on level 2 of Town. On T:11662 you reached level 9 of The Dungeons of Doom. Latest messages: The Green-elf shoots a runed arrow! The runed arrow hits the Green-elf! The Green-elf wields a runed bow! The Green-elf shoots a runed arrow! The runed arrow misses the Green-elf. The runed arrow hits the Green-elf! The Green-elf swings his runed broadsword. The Green-elf hits! The Green-elf wields a runed short sword! The Green-elf wields a runed broadsword! [HP-8=18] The Green-elf shoots a runed arrow! The runed arrow hits the Green-elf! The Green-elf swings his runed broadsword. The Green-elf misses. The Green-elf wields a runed bow! [HP+1=19] The Green-elf swings his runed broadsword. The Green-elf hits! The Green-elf shoots a runed arrow! The runed arrow misses the Green-elf. You are almost hit by a runed arrow. The Green-elf swings his runed broadsword. The Green-elf hits! You die... Final status: Goodbye Mandevil the Archeologist... You died in The Dungeons of Doom on dungeon level 9 with 5252 points, and 1179 pieces of gold, after 11667 moves. You were level 10 with a maximum of 68 hit points when you died.